 Dungeon Crawl Stone Soup version 0.21.1-1-g345015f (webtiles) character file.

27 snakesoul the Charmwright (level 3, 0/27 HPs)
             Began as a Merfolk Skald on June 23, 2018.
             Slain by an adder (3 damage)
             ... on level 2 of the Dungeon.
             The game lasted 00:01:58 (1071 turns).

snakesoul the Charmwright (Merfolk Skald)           Turns: 1071, Time: 00:01:58

Health: 0/27       AC:  3    Str: 11    XL:     3   Next: 10%
Magic:  5/6        EV: 12    Int: 13    God:
Gold:   83         SH:  0    Dex: 13    Spells: 3/6 levels left

rFire    . . .     SeeInvis .   a - +0 spear
rCold    . . .     Gourm    .   (no shield)
rNeg     . . .     Faith    .   b - +0 leather armour
rPois    .         Spirit   .   (no helmet)
rElec    .         Reflect  .   (no cloak)
rCorr    .         Harm     .   (no gloves)
MR       .....                  (no boots)
Stlth    +.........             (no amulet)
HPRegen  0.09/turn              (no ring)
MPRegen  0.10/turn              (no ring)

@: lethally poisoned (0 -> -3), infused
A: change form in water, swift swim, stealthy swim
a: no special abilities


You were on level 2 of the Dungeon.
You were not hungry.

You visited 1 branch of the dungeon, and saw 2 of its levels.

You collected 83 gold pieces.

Inventory:

Hand Weapons
 a - a +0 spear (weapon)
Armour
 b - a +0 leather armour (worn)
Scrolls
 e - a scroll of identify {unknown}
 f - 4 scrolls of remove curse {unknown}
 g - a scroll of fog {unknown}
 h - a scroll of enchant weapon {unknown}
 j - 3 scrolls of teleportation {unknown}
 k - a scroll of enchant armour {unknown}
Books
 c - a book of Battle

   Spells                             Type                      Level
   a - Infusion                       Charms                       1
   b - Shroud of Golubria             Charms/Translocation         2
   c - Song of Slaying                Charms                       2
   d - Spectral Weapon                Hexes/Charms                 3
   e - Regeneration                   Charms/Necromancy            3
Comestibles
 d - 6 rations


   Skills:
 - Level 2.1 Fighting
 - Level 3.0 Polearms
 - Level 0.6 Armour
 - Level 2.6 Dodging
 - Level 2.0 Spellcasting
 - Level 3.9 Charms
 + Level 1.5 Translocations


You had 3 spell levels left.
You knew the following spells:

 Your Spells              Type           Power        Failure   Level  Hunger
a - Infusion              Chrm           ##..         7%          1    ##.....
b - Shroud of Golubria    Chrm/Tloc      #.........   17%         2    ###....


Dungeon Overview and Level Annotations

Branches:
Dungeon (2/15)

Altars:

Annotations:
D:2 Terence


Message History

The rat closely misses you. The adder completely misses you.
You closely miss Terence.
Terence is moderately wounded.
Terence hits you with a hand axe of chopping.
The adder misses you. The rat closely misses you.
You barely miss Terence.
Terence is moderately wounded.
Terence hits you with a hand axe of chopping.
The adder closely misses you. The rat bites you.
You closely miss Terence.
Terence is moderately wounded.
You feel sick. The adder misses you.
Terence hits you with a hand axe of chopping.
* * * LOW HITPOINT WARNING * * *
x2 The frilled lizard bites you.
* * * LOW HITPOINT WARNING * * *
You hit Terence.
Terence is moderately wounded.
The adder bites you.
You die...

#.........###.#.##.#######
#.#......................#
.......<...............(.#
.[....########.###.####..
#.#.#. ####..# # #.. #.##
### #.# . ####r##....
#)@@S..$.... #.##l##.###.
.. #.# .. ## #.. ... #...
## ##.#. .#.# .. .


You could see Terence, an adder, a frilled lizard and a rat.

Vanquished Creatures
  A dart slug (D:2)
  A leopard gecko (D:1)
  A giant cockroach (D:1)
  2 goblins (D:1)
  3 hobgoblins
  4 jackals (D:1)
  2 bats (D:1)
  A frilled lizard (D:1)
  3 kobolds (D:1)
  5 rats
23 creatures vanquished.

Notes
Turn   | Place    | Note
-------+----------+-------------------------------------------
     0 | D:1      | snakesoul the Merfolk Skald began the quest for the Orb.
     0 | D:1      | Reached XP level 1. HP: 16/16 MP: 3/3
   380 | D:1      | Reached XP level 2. HP: 22/22 MP: 5/5
   384 | D:1      | Learned a level 2 spell: Shroud of Golubria
   733 | D:1      | Reached skill level 1 in Translocations
  1034 | D:2      | Reached XP level 3. HP: 26/27 MP: 6/6
  1061 | D:2      | Noticed Terence
  1071 | D:2      | Slain by an adder

Skill      XL: |  1  2 |
---------------+-------+-----
Translocations | 1 |  1.5
Fighting       | |  2.1
Polearms       | |  3.0
Armour         | |  0.6
Dodging        | |  2.6
Spellcasting   | |  2.0
Charms         | |  3.9

Action                   || total
-------------------------++-------
Melee: Spear             ||   101
 Cast: Infusion          ||     1
 Stab: Sleeping          ||     4
  Eat: Chunk             ||     1
Armor: Leather armour    ||    22
Dodge: Dodged            ||    46
